 Dungeon Crawl Stone Soup version 0.22.1-1-ga44c0e56f4 (webtiles) character file.

48 Isojytky the Skirmisher (level 4, -2/29 HPs)
             Began as a Kobold Berserker on Nov 5, 2018.
             Was a Follower of Trog.
             Killed from afar by Sigmund (7 damage)
             ... with a puff of flame
             ... on level 3 of the Dungeon.
             The game lasted 00:04:57 (1637 turns).

Isojytky the Skirmisher (Kobold Berserker)          Turns: 1637, Time: 00:05:06

Health: -2/29      AC:  8    Str: 15    XL:     4   Next: 0%
Magic:  4/4        EV: 12    Int:  8    God:    Trog [*.....]
Gold:   87         SH:  0    Dex: 14    Spells: 3/3 levels left

rFire    . . .     SeeInvis .   a - +0 spear
rCold    . . .     Gourm    .   (shield restricted)
rNeg     . . .     Faith    .   f - +0 scale mail
rPois    .         Spirit   .   (no helmet)
rElec    .         Reflect  .   m - +0 cloak
rCorr    .         Harm     .   (no gloves)
MR       .....                  l - +0 pair of boots
Stlth    ..........             (no amulet)
HPRegen  0.09/turn              (no ring)
MPRegen  0.09/turn              (no ring)

@: lethally poisoned (-2 -> -7)
A: small, carnivore
a: Berserk, Renounce Religion


You were on level 3 of the Dungeon.
You worshipped Trog.
Trog was aware of your devotion.
You were hungry.

You visited 1 branch of the dungeon, and saw 3 of its levels.

You collected 87 gold pieces.

Inventory:

Hand Weapons
 a - a +0 spear (weapon)
Armour
 b - a +0 animal skin
 f - a +0 scale mail (worn)
 l - a +0 pair of boots (worn)
 m - a +0 cloak (worn)
Scrolls
 d - a scroll of remove curse {unknown}
 g - a scroll of amnesia {unknown}
 h - 3 scrolls of identify {unknown}
 i - a scroll of teleportation {unknown}
 k - a scroll of blinking {unknown}
Potions
 e - a potion of brilliance {unknown}
 j - a potion of curing {unknown}
 n - a potion of flight {unknown}
Comestibles
 c - 3 rations


   Skills:
 + Level 3.9 Fighting
 + Level 3.0 Polearms
 + Level 1.8 Armour
 + Level 2.8 Dodging
 + Level 0.2 Stealth


You had 3 spell levels left.
You didn't know any spells.
Your spell library was empty.

Dungeon Overview and Level Annotations

Branches:
Dungeon (3/15)

Altars:

Annotations:
D:3 Sigmund


Innate Abilities, Weirdness & Mutations

You are small and have problems with some larger weapons.
You are carnivorous and can eat meat at any time.


Message History

You hear some strange, mumbled words.
Something tries to affect you, but you resist.
The adder closely misses you.
You hit something. Something hits you! Something burns you.
The adder bites you but does no damage.
You hit something. The adder bites you but does no damage. Something hits you.
Something burns you.
* * * LOW HITPOINT WARNING * * *
Your scale mail prevents you from hitting something.
The adder barely misses you. The adder bites you.
* * * LOW HITPOINT WARNING * * *
You are lethally poisoned!
The adder poisons you!
You hit something but do no damage.
* * * LOW HITPOINT WARNING * * *
You feel sick.
You hear some strange, mumbled words.
A puff of flame appears from out of thin air!
The puff of flame hits you!
You die...

.##...#.#.#.......###...
#.###........##..# ##.#
##...........# #..
#.####.#.##<# ### ##.#
#.#.##.# #./# #......#
#...#.# .......# #####S#
#@# #{# ..# #..# ##.#
... ##. .


You could see an adder.

Vanquished Creatures
  An adder (D:2)
  2 oozes
  A dart slug (D:1)
  A giant cockroach (D:2)
  4 goblins
  A hobgoblin (D:1)
  6 jackals (D:2)
  A quokka (D:2)
  4 bats
  4 frilled lizards
  A kobold (D:2)
  2 rats
28 creatures vanquished.

Notes
Turn   | Place    | Note
-------+----------+-------------------------------------------
     0 | D:1      | Isojytky the Kobold Berserker began the quest for the Orb.
     0 | D:1      | Reached XP level 1. HP: 14/14 MP: 1/1
   402 | D:1      | Reached XP level 2. HP: 19/19 MP: 2/2
  1047 | D:2      | Reached XP level 3. HP: 24/24 MP: 3/3
  1621 | D:3      | Reached XP level 4. HP: 24/29 MP: 4/4
  1627 | D:3      | Noticed Sigmund
  1637 | D:3      | Killed from afar by Sigmund

Skill      XL: |  1  2  3 |
---------------+----------+-----
Polearms       | 3 |  3.0
Fighting       | |  3.9
Armour         | |  1.8
Dodging        | |  2.8
Stealth        | |  0.2

Action                   |  1- 3 |  4- 6 || total
-------------------------+-------+-------++-------
Melee: Spear             |   142 |     6 ||   148
  Eat: Ration            |     1 |       ||     1
Armor: Scale mail        |   114 |     4 ||   118
       Animal skin       |     3 |       ||     3
Dodge: Dodged            |   218 |     4 ||   222
